 Dungeon Crawl Stone Soup version 0.19.1 (webtiles) character file.

55 Malachi the Chopper (level 3, -4/30 HPs)
             Began as a Ghoul Gladiator on Nov 28, 2016.
             Slain by a water moccasin (5 damage)
             ... on level 3 of the Dungeon.
             The game lasted 00:03:00 (1551 turns).

Malachi the Chopper (Ghoul Gladiator)               Turns: 1551, Time: 00:03:00

Health: -4/30      AC:  8    Str: 17 (19) XL:     3   Next: 93%
Magic:  2/2        EV: 10    Int:  8      God:
Gold:   83         SH:  0    Dex:  8 (9)  Spells: 0 memorised, 2 levels left

rFire  . . .     SeeInvis .     a - +0 war axe
rCold  + . .     Gourm    .     u - +0 scale mail
rNeg   + + +     Faith    .     (no shield)
rPois  ∞         Spirit   .     c - +0 helmet
rElec  .         Reflect  .     (no cloak)
rCorr  .         Harm     .     (no gloves)
MR     .....                    r - +0 pair of boots
Stlth  +.........               (no amulet)
                                (no ring)
                                e - ring of stealth

@: brilliant, rotting
A: rotting body, claws 1, carnivore 3, cold resistance 1, negative energy
resistance 3, slow regeneration 1, torment resistance, unbreathing
a: no special abilities


You were on level 3 of the Dungeon.
You were not hungry.

You visited 1 branch of the dungeon, and saw 3 of its levels.

You collected 83 gold pieces.

Inventory:

Hand Weapons
 a - a +0 war axe (weapon)
Missiles
 d - 3 throwing nets (quivered)
Armour
 b - a +0 leather armour
 c - a +0 helmet (worn)
 r - a +0 pair of boots (worn)
 u - a +0 scale mail (worn)
Jewellery
 e - a ring of stealth (left claw)
Scrolls
 h - 3 scrolls of amnesia {unknown}
 i - 3 scrolls of remove curse {unknown}
 k - a scroll of noise {unknown}
 l - a scroll of recharging {unknown}
 m - 2 scrolls of magic mapping {unknown}
 n - a scroll of teleportation {unknown}
 o - a scroll of fog {unknown}
 t - a scroll of enchant armour {unknown}
 v - a scroll of identify {unknown}
Comestibles
 f - 2 meat rations
 j - a beef jerky


   Skills:
 + Level 2.4 Fighting
 + Level 3.3 Axes
 + Level 2.0 Throwing
 + Level 1.1 Armour
 + Level 3.1 Dodging


You had 2 spell levels left.
You didn't know any spells.

Dungeon Overview and Level Annotations

Branches:
Dungeon (3/15)

Altars:
Elyvilon


Innate Abilities, Weirdness & Mutations

Your body is rotting away.
You thrive on raw meat.
You are immune to poison.
You have sharp fingernails.
You are carnivorous and can eat meat at any time.
Your flesh is cold resistant. (rC+)
You are immune to negative energy. (rN+++)
You regenerate slowly when monsters are visible.
You are immune to unholy pain and torment.
You can survive without breathing.


Message History

You slash the water moccasin!
The water moccasin is severely wounded.
The water moccasin barely misses you. The water moccasin bites you.
* * * LOW HITPOINT WARNING * * *
Your scale mail prevents you from hitting the water moccasin.
The water moccasin is severely wounded.
The water moccasin bites you.
* * * LOW HITPOINT WARNING * * *
The water moccasin completely misses you.
You miss the water moccasin.
The water moccasin is severely wounded.
The water moccasin bites you but does no damage.
The water moccasin bites you.
* * * LOW HITPOINT WARNING * * *
You closely miss the water moccasin.
The water moccasin is severely wounded.
The water moccasin bites you.
* * * LOW HITPOINT WARNING * * *
The water moccasin bites you.
You die...

..>......................####.#
...................#####.## #.#
##.......#######...#####..###.#
##.......# #...+........#.#
##.......# #...######...#.#
##.......# #.### ##..#.#
#.......# #.# #..#.# #...^...#
####+#########..#.#
#....)..####...@.......##..#.#.#
#.......'..'...S.......+........
##......####...........###.#.#..
#......# #...........# #...#..
###...## #...........###...# .
############..........#...# .
......'.†........#.#.#
#######..........#.#.#
#..........#.#.#


You could see a water moccasin.

Vanquished Creatures
  An ooze (D:1)
  3 dart slugs
  4 leopard geckos (D:1)
  An orc (D:3)
  2 ball pythons
  A giant cockroach (D:1)
  4 goblins
  3 hobgoblins
  2 jackals (D:1)
  A quokka (D:2)
  3 bats (D:1)
  3 frilled lizards (D:1)
  6 kobolds
  5 rats
39 creatures vanquished.

Notes
Turn   | Place    | Note
-------+----------+-------------------------------------------
     0 | D:1      | Malachi the Ghoul Gladiator began the quest for the Orb.
     0 | D:1      | Reached XP level 1. HP: 17/17 MP: 0/0
   167 | D:1      | Reached XP level 2. HP: 22/25 MP: 1/1
   434 | D:1      | Reached XP level 3. HP: 20/30 MP: 2/2
   854 | D:2      | Found a white marble altar of Elyvilon.
  1035 | D:2      | Reached skill level 1 in Armour
  1524 | D:3      | Noticed a water moccasin
  1551 | D:3      | HP: 1/30 [water moccasin (3)]
  1551 | D:3      | Slain by a water moccasin

Skill      XL: |  1  2  3 |
---------------+----------+-----
Throwing       | 2 |  2.0
Axes           | 3 |  3.3
Dodging        | 3 |  3.1
Armour         | 1 |  1.1
Fighting       | |  2.4

Action                   || total
-------------------------++-------
Melee: War axe           ||   138
  Use: Potion            ||     3
  Eat: Chunk             ||     9
Armor: Leather armour    ||    30
       Scale mail        ||    16
Dodge: Dodged            ||   105
